 Seeded DCSS version 0.28-a0-1613-gdaab1c2f9b (webtiles) character file.

Game seed: 11 (custom seed)

1432 knot the Chopper (level 8, -1/58 HPs)
             Began as a Demonspawn Berserker on Jan 21, 2022.
             Was a Believer of Trog.
             Slain by a gnoll shaman (2 damage)
             ... on level 6 of the Dungeon.
             The game lasted 00:05:30 (8024 turns).

knot the Chopper (Demonspawn Berserker)             Turns: 8024, Time: 00:05:31

Health: -1/58      AC:  3    Str: 18    XL:     8   Next: 45%
Magic:  8/8        EV: 12    Int: 11    God:    Trog [**....]
Gold:   235        SH:  0    Dex: 12    Spells: 7/7 levels left

rFire   . . .      SeeInvis .   a - +0 hand axe
rCold   . . .      Faith    .   (no shield)
rNeg    . . .      Spirit   .   b - +0 animal skin
rPois   .          Reflect  .   (no helmet)
rElec   .          Harm     .   (no cloak)
rCorr   .          Rampage  .   (no gloves)
Will    .....                   x - +0 pair of boots
Stlth   +.........              (no amulet)
HPRegen 0.19/turn               (no ring)
MPRegen 0.11/turn               (no ring)

@: on berserk cooldown, slowed, very slow
A: powered by death 2, sturdy frame 1, weakness stinger 1
a: Renounce Religion, Berserk, Trog's Hand


You were on level 6 of the Dungeon.
You worshipped Trog.
Trog was pleased with you.
You visited 1 branch of the dungeon, and saw 6 of its levels.
You also visited: Sewer.

You collected 235 gold pieces.

Inventory:

Hand Weapons
 a - a +0 hand axe (weapon)
Missiles
 d - 111 stones (quivered)
 e - 44 bolts
 j - 5 boomerangs
Armour
 b - a +0 animal skin (worn)
 x - a +0 pair of boots (worn)
Jewellery
 y - an amulet of magic regeneration
Wands
 z - a wand of charming (6)
Scrolls
 f - 9 scrolls of identify {unknown}
 k - a scroll of enchant weapon {unknown}
 m - a scroll of fear {unknown}
 o - 4 scrolls of teleportation {unknown}
 p - a scroll of fog {unknown}
 s - a scroll of summoning {unknown}
Potions
 c - 4 potions of brilliance {unknown}
 g - 3 potions of mutation {unknown}
 h - a potion of attraction {unknown}
 i - 2 potions of lignification {unknown}
 l - a potion of curing {unknown}
 n - 2 potions of flight {unknown}
 q - 2 potions of magic {unknown}
 r - 4 potions of degeneration {unknown}
 u - 2 potions of cancellation {unknown}
 v - a potion of berserk rage {unknown}
 w - a potion of invisibility {unknown}
 A - a potion of haste {unknown}
 B - 2 potions of might {unknown}


   Skills:
 - Level 3.2 Fighting
 * Level 7.2 Axes
 * Level 6.4 Throwing
 - Level 2.1 Armour
 - Level 2.1 Dodging


You had 7 spell levels left.
You didn't know any spells.
Your spell library was empty.

Dungeon Overview and Level Annotations

Branches:
Dungeon (6/15)              Sewer (visited)
 Temple: D:4-7

Altars:
Ashenzari
Cheibriados
Dithmenos
Elyvilon
Makhleb
Ru
Trog
Vehumet
Yredelemnul


Innate Abilities, Weirdness & Mutations

You regenerate health from kills.
Your movements are slightly less encumbered by armour. (ER -2)
You have a small tail.


Message History

A gnoll shaman comes into view. It is wielding a +5 whip of flaming.
Throw: 2 darts (atropa)
Press: ? - help, Q - select action, (/) - cycle Shift-Dir - straight line, f - gnoll shaman
Aim: a gnoll shaman, wielding a +5 whip of flaming and wearing a +0 robe (65% to hit, chance to blind on hit: 87%)
You throw an atropa-tipped dart.
The atropa-tipped dart hits the gnoll shaman!
The gnoll shaman resists.
The gnoll shaman closely misses you.
Throw: dart (atropa)
Press: ? - help, Q - select action, (/) - cycle Shift-Dir - straight line, f/p - gnoll shaman
Aim: a gnoll shaman, wielding a +5 whip of flaming and wearing a +0 robe (65% to hit, chance to blind on hit: 87%)
You throw an atropa-tipped dart.
The atropa-tipped dart barely misses the gnoll shaman.
The gnoll shaman misses you. The gnoll shaman closely misses you.
There is an open door here.
The gnoll shaman hits you with a +5 whip of flaming!
The gnoll shaman burns you.
You hit the gnoll shaman.
The gnoll shaman is lightly wounded.
The gnoll shaman hits you with a +5 whip of flaming!
The gnoll shaman burns you.
The gnoll shaman hits you with a +5 whip of flaming!
The gnoll shaman burns you.
You hit the gnoll shaman.
The gnoll shaman is moderately wounded.
The gnoll shaman closely misses you.
You hit the gnoll shaman.
The gnoll shaman is moderately wounded.
The gnoll shaman closely misses you.
You hit the gnoll shaman but do no damage.
The gnoll shaman is moderately wounded.
The gnoll shaman hits you with a +5 whip of flaming!
* * * LOW HITPOINT WARNING * * *
The gnoll shaman burns you.
* * * LOW HITPOINT WARNING * * *
The gnoll shaman hits you with a +5 whip of flaming.
* * * LOW HITPOINT WARNING * * *
The gnoll shaman burns you.
You die...

#...# #..#.##.# #......
#... #.# #.##.# #......
#.)#..# #.##.# #.#....
##+##(##+##.##.###.#....
#.........#..#....>.†...
#.8..8..8.#.########....
#.........#.# #....
#####'#####.# #....
#.g@..#.########....
#.###.#'#........... #.#
#........# ..... #.#
#........# ..... #.#
#........# #.#
#........# #.#
#.#+#+#### #.# #.# #.#
#.#


You could see a gnoll shaman.

Vanquished Creatures
  Eustachio (D:4)
  A sky beast (D:6)
  4 ogres (D:5)
  A centaur (D:5)
  2 necrophages
  A phantom (D:4)
  A wyvern zombie (D:5)
  A scorpion (D:4)
  A wyvern skeleton (D:6)
  A hound (D:5)
  2 bullfrog skeletons
  2 iguanas
  A howler monkey zombie (D:6)
  A howler monkey skeleton (D:6)
  5 gnolls
  4 adders
  7 river rats
  A worm (D:2)
  A dart slug (D:3)
  An orc (D:3)
  6 endoplasms
  4 giant cockroaches
  4 goblins
  3 hobgoblins
  4 jackals
  2 quokkas
  11 ball pythons
  8 bats
  5 frilled lizards
  7 kobolds
  16 rats
109 creatures vanquished.

Notes
Turn   | Place    | Note
-------+----------+-------------------------------------------
     0 | D:1      | knot the Demonspawn Berserker began the quest for the Orb.
     0 | D:1      | Reached XP level 1. HP: 18/18 MP: 1/1
    83 | D:1      | Gained mutation: You regenerate a little health from kills.
                  | [demonic ancestry]
    83 | D:1      | Reached XP level 2. HP: 20/24 MP: 2/2
   601 | D:1      | Found a faded altar of an unknown god.
   665 | D:1      | Reached ** piety under Trog
   720 | D:1      | Reached skill level 3 in Axes
   992 | D:2      | Gained mutation: Your movements are slightly less
                  | encumbered by armour. (ER -2) [demonic ancestry]
   992 | D:2      | Reached XP level 3. HP: 28/29 MP: 3/3
  1659 | D:2      | Reached skill level 1 in Throwing
  2501 | D:3      | Reached XP level 4. HP: 29/35 MP: 4/4
  2583 | D:3      | Found a glowing drain.
  2707 | Sewer    | Entered a sewer
  2915 | Sewer    | HP: 2/52 [river rat (3)]
  3267 | Sewer    | Reached XP level 5. HP: 30/41 MP: 5/5
  3359 | Sewer    | Reached skill level 4 in Axes
  3846 | D:3      | Found a shadowy altar of Dithmenos.
  3849 | D:3      | Found a bloodstained altar of Trog.
  3850 | D:3      | Found a basalt altar of Yredelemnul.
  3850 | D:3      | Found a radiant altar of Vehumet.
  3850 | D:3      | Found a burning altar of Makhleb.
  3852 | D:3      | Found a broken altar of Ashenzari.
  3853 | D:3      | Found a snail-covered altar of Cheibriados.
  3855 | D:3      | Found a sacrificial altar of Ru.
  4641 | D:4      | Gained mutation: You have a small tail. [demonic ancestry]
  4641 | D:4      | Reached XP level 6. HP: 47/47 MP: 6/6
  4981 | D:4      | Noticed Eustachio
  4989 | D:4      | Killed Eustachio
  4990 | D:4      | Reached skill level 5 in Axes
  5044 | D:4      | Gained mutation: You regenerate health from kills. [demonic
                  | ancestry]
  5044 | D:4      | Reached XP level 7. HP: 48/52 MP: 7/7
  5907 | D:5      | Entered Level 5 of the Dungeon
  6574 | D:5      | Reached skill level 6 in Axes
  6639 | D:5      | Reached skill level 5 in Throwing
  6848 | D:5      | Reached XP level 8. HP: 58/58 MP: 8/8
  8000 | D:6      | Reached skill level 7 in Axes
  8024 | D:6      | HP: 1/58 [gnoll shaman (3)]
  8024 | D:6      | Slain by a gnoll shaman

Illustrated notes

Levels and vault maps discovered:
D:1:      minmay_arrival_nine_rooms, layout_rooms, basic_ecumenical_altar
D:2:      layout_basic
D:3:      layout_loops_ring, minitemple, portal_sewer_entry_b,
          lemuel_old_faithful
D:4:      layout_basic, uniq_eustachio
D:5:      layout_layer_cave, minivault_24
D:6:      minmay_chambers_of_threes, layout_basic

Skill      XL: |  1  2  3  4  5  6  7  8 |
---------------+-------------------------+-----
Armour         | 2 |  2.1
Dodging        | 2 |  2.1
Axes           | 3 4 5 6 7 |  7.2
Throwing       | 1 2 3 4 5 6 |  6.4
Fighting       | |  3.2

Action                   |  1- 3 |  4- 6 |  7- 9 || total
-------------------------+-------+-------+-------++-------
Melee: Hand axe          |   140 |   129 |    75 ||   344
       Punch             |       |     3 |     1 ||     4
       Tailslap          |       |     6 |     7 ||    13
Throw: Boomerang         |       |     8 |    32 ||    40
       Dart              |       |       |     2 ||     2
Invok: Berserk           |     3 |     7 |     5 ||    15
 Stab: Sleeping          |     2 |     2 |       ||     4
Armor: Animal skin       |    57 |     8 |    14 ||    79
Dodge: Dodged            |   112 |    62 |    42 ||   216

Table legend: (Time is in decaauts)
 A = Elapsed time spent in this place.
 B = Non-inter-level travel time spent in this place.
 C = Inter-level travel time spent in this place.
 D = Time resting spent in this place.
 E = Time spent auto-exploring this place.
 F = Levels seen in this place.
 G = Mean time per level.
                   A        B        C        D        E       F      G
               +--------+--------+--------+--------+--------+-----+--------+
         Total |   8224 |   8024 |    200 |   2407 |   4738 |   7 | 1174.9 |
       Dungeon |   7146 |   6946 |    200 |   2069 |   4204 |   6 | 1191.0 |
         Sewer |   1078 |   1078 |      0 |    338 |    534 |   1 | 1078.0 |
               +--------+--------+--------+--------+--------+-----+--------+

Top non-repeatable levels by time:
     D:5: 1977 daAuts
     D:4: 1821 daAuts
     D:2: 1153 daAuts
     D:3: 1102 daAuts
   Sewer: 1078 daAuts
     D:1: 914 daAuts
     D:6: 176 daAuts
